 Dungeon Crawl Stone Soup version 0.26-a0-540-g8a0c9464d7 (webtiles) character file.

Game seed: 12684778878362378268

16 vurker the Covert (level 2, 0/29 HPs)
             Began as a Gnoll Delver on Aug 23, 2020.
             Was an Initiate of Cheibriados.
             Slain by an orc wizard
             ... wielding a +0 dagger
              (2 damage)
             ... on level 4 of the Dungeon.
             The game lasted 00:01:00 (643 turns).

vurker the Covert (Gnoll Delver)                     Turns: 643, Time: 00:01:01

Health: 0/29       AC:  3    Str: 15    XL:     2   Next: 58%
Magic:  2/2        EV: 14    Int: 13    God:    Cheibriados [......]
Gold:   14         SH:  0    Dex: 17    Spells: 1/1 levels left

rFire    . . .     SeeInvis .   a - +0 mace
rCold    . . .     Faith    .   (no shield)
rNeg     . . .     Spirit   .   b - +0 leather armour
rPois    .         Reflect  .   (no helmet)
rElec    .         Harm     .   (no cloak)
rCorr    .                      (no gloves)
MR       .....                  (no boots)
Stlth    ++++......             (no amulet)
HPRegen  0.09/turn              (no ring)
MPRegen  0.08/turn              (no ring)

@: slowed, very slow
A: distributed training, fangs 1, strong nose
a: Bend Time, Renounce Religion


You were on level 4 of the Dungeon.
You worshipped Cheibriados.
Cheibriados was noncommittal.
You visited 2 branches of the dungeon, and saw 3 of its levels.

You collected 14 gold pieces.

Inventory:

Hand Weapons
 a - a +0 mace (weapon)
Armour
 b - a +0 leather armour (worn)
 h - a cursed +0 chain mail
   (You found it on level 4 of the Dungeon)
Wands
 v - a wand of digging (3)
Scrolls
 c - a scroll of fog
 d - a scroll of magic mapping
 e - a scroll of fear
 g - a scroll of amnesia {unknown}
 i - a scroll of identify {unknown}
Potions
 f - a potion of haste


   Skills:
 + Level 6.5 Fighting
 + Level 0.4 Short Blades
 + Level 0.4 Long Blades
 + Level 0.4 Axes
 + Level 4.5 Maces & Flails
 + Level 0.4 Polearms
 + Level 0.4 Staves
 + Level 0.4 Slings
 + Level 0.4 Bows
 + Level 0.4 Crossbows
 + Level 0.4 Throwing
 + Level 0.4 Armour
 + Level 4.5 Dodging
 + Level 9.5 Stealth
 + Level 0.4 Shields
 + Level 0.4 Unarmed Combat
 + Level 0.4 Spellcasting
 + Level 0.2 Conjurations
 + Level 0.2 Hexes
 + Level 0.2 Summonings
 + Level 0.2 Necromancy
 + Level 0.2 Translocations
 + Level 0.2 Transmutations
 + Level 0.2 Fire Magic
 + Level 0.2 Ice Magic
 + Level 0.2 Air Magic
 + Level 0.2 Earth Magic
 + Level 0.2 Poison Magic
 + Level 0.5 Invocations
 + Level 0.4 Evocations


You had one spell level left.
You didn't know any spells.
Your spell library was empty.

Dungeon Overview and Level Annotations

Branches:
Dungeon (5/15)             Temple (1/1) D:4

Altars:
Cheibriados
Dithmenos


Innate Abilities, Weirdness & Mutations

Your experience applies equally to all skills.
You have very sharp teeth.
Your uncanny sense of smell can sniff out nearby items.


Message History

The orc hits you.
Found an escape hatch in the floor.
You closely miss the orc. The orc misses you.
You thump the orc!
You kill the orc!
Cheibriados appreciates the change of pace.
An orc wizard comes into view. It is wielding a +0 dagger.
An orc comes into view.
An orc and an orc wizard come into view.
The orc wizard hits you with a +0 dagger.
Things that are here:
4 boomerangs; an orc corpse The orc shouts! x2
You hit the orc wizard but do no damage.
You bite the orc wizard, but do no damage.
The orc throws a boomerang.
The boomerang hits you.
The weapon returns to the orc!
The orc wizard gestures at you while chanting.
You feel yourself slow down.
The orc throws a boomerang.
The boomerang misses you.
The weapon returns to the orc!
The orc wizard gestures at you while chanting.
The puff of frost hits you!
* * * LOW HITPOINT WARNING * * *
The orc wizard misses you.
You completely miss the orc wizard.
The orc wizard hits you but does no damage.
The orc wizard barely misses you.
You hit the orc wizard but do no damage.
The orc wizard mumbles some strange words.
The orc wizard seems to speed up.
The orc wizard barely misses you.
The orc wizard hits you with a +0 dagger.
* * * LOW HITPOINT WARNING * * *
The orc wizard hits you with a +0 dagger.
* * * LOW HITPOINT WARNING * * *
The orc wizard closely misses you.
The orc wizard casts a spell.
The orc wizard seems to speed up.
The orc wizard misses you.
The orc wizard hits you with a +0 dagger.
* * * LOW HITPOINT WARNING * * *
The orc wizard gestures wildly while chanting.
The orc wizard blinks!
The orc wizard misses you.
The orc wizard gestures wildly while chanting.
The orc wizard blinks!
The orc barely misses you. The orc closely misses you.
The orc wizard misses you.
The orc wizard hits you with a +0 dagger.
* * * LOW HITPOINT WARNING * * *
The orc wizard hits you with a +0 dagger.
You die...

#.. #..####### .. ∆
#..# .#.#####..#
..........#
...######.# #..#
#.## #.#
######@#########
.......ooo...(..####
.###....o.).(.......
#.##.#####...#### #.
#.# .>....# # #.#
o...... #.# ......#
..# ...#### ## ...#


You could see 2 orc wizards and 2 orcs.

Vanquished Creatures
  An adder (D:4)
  A worm (D:5)
  A leopard gecko (D:5)
  An orc (D:4)
4 creatures vanquished.

Notes
Turn   | Place    | Note
-------+----------+-------------------------------------------
     0 | D:5      | Reached skill level 9 in Stealth
     0 | D:5      | vurker the Gnoll Delver began the quest for the Orb.
     0 | D:5      | Reached XP level 1. HP: 23/23 MP: 1/1
   229 | D:4      | Found a staircase to the Ecumenical Temple.
   244 | D:4      | Reached XP level 2. HP: 10/29 MP: 2/2
   577 | Temple   | Entered the Ecumenical Temple
   593 | Temple   | Became a worshipper of Cheibriados the Contemplative
   643 | D:4      | Slain by an orc wizard

Illustrated notes

Levels and vault maps discovered:
D:4:      cheibrodos_quashed, layout_loops_ring, temple_pool_b
D:5:      layout_layer_cave, old_standard_altar, gammafunk_ghost_mausoleum
Temple:   oiseaux_autumnal_temple

Skill      XL: | |
---------------+-+-----
Stealth        | |  9.5
Fighting       | |  6.5
Short Blades   | |  0.4
Long Blades    | |  0.4
Axes           | |  0.4
Maces & Flails | |  4.5
Polearms       | |  0.4
Staves         | |  0.4
Slings         | |  0.4
Bows           | |  0.4
Crossbows      | |  0.4
Throwing       | |  0.4
Armour         | |  0.4
Dodging        | |  4.5
Shields        | |  0.4
Unarmed Combat | |  0.4
Spellcasting   | |  0.4
Conjurations   | |  0.2
Hexes          | |  0.2
Summonings     | |  0.2
Necromancy     | |  0.2
Translocations | |  0.2
Transmutations | |  0.2
Fire Magic     | |  0.2
Ice Magic      | |  0.2
Air Magic      | |  0.2
Earth Magic    | |  0.2
Poison Magic   | |  0.2
Invocations    | |  0.5
Evocations     | |  0.4

Action                   || total
-------------------------++-------
Melee: Mace              ||    25
       Bite              ||     5
 Stab: Distracted        ||     1
Armor: Leather armour    ||     1
Dodge: Dodged            ||    29

Table legend: (Time is in decaauts)
 A = Elapsed time spent in this place.
 B = Non-inter-level travel time spent in this place.
 C = Inter-level travel time spent in this place.
 D = Time resting spent in this place.
 E = Time spent auto-exploring this place.
 F = Levels seen in this place.
 G = Mean time per level.
                   A        B        C        D        E       F      G
               +--------+--------+--------+--------+--------+-----+--------+
         Total |    666 |    626 |     40 |    304 |    226 |   3 |  222.0 |
       Dungeon |    629 |    616 |     13 |    304 |    219 |   2 |  314.5 |
        Temple |     36 |     10 |     26 |      0 |      7 |   1 |   36.0 |
               +--------+--------+--------+--------+--------+-----+--------+

Top non-repeatable levels by time:
     D:4: 404 daAuts
     D:5: 225 daAuts
  Temple: 36 daAuts
